Map: Port Aleksander LE

Players

Lambo - Winner!

  • Race: Zerg Zerg
  • League: Grandmaster
  • Spawn Location: 5:00

Weow

  • Race: Zerg Zerg
  • League: Grandmaster
  • Spawn Location: 11:00

VOD

Have the link to the VOD?

Description

Time

  • Played on: Jan. 15, 2019, 2:50 p.m.
  • Length: 14:53
Show
View Real Time Build Order
Export as new Build Order

Lambo Zerg - Winner!

Build Orders: Hatch First 

Get SALT Encoding   

  12  0:01  Drone  
  13  0:13  Overlord  
  13  0:18  Drone  
  14  0:32  Drone x2  
  16  0:49  Hatchery  
  15  0:53  Drone  
  15  0:56  Drone  
  17  1:01  Drone  
  18  1:09  Extractor  
  17  1:15  Spawning Pool  
  17  1:18  Drone  
  17  1:21  Drone  
  18  1:29  Drone  
  19  1:40  Drone  
  20  1:51  Drone  
  21  2:01  Drone, Overlord  
  22  2:02  Queen x2  
  26  2:11  Metabolic Boost  
  26  2:12  Drone  
  26  2:14  Zergling x2  
  28  2:24  Zergling x4  
  30  2:44  Drone x2  
  30  2:45  Baneling Nest  
  30  2:48  Drone  
  31  2:58  Zergling x2  
  32  3:06  Hatchery  
  32  3:08  Drone  
  32  3:11  Drone  
  33  3:15  Overlord  
  33  3:17  Drone  
  34  3:20  Drone  
  34  3:26  Drone x2  
  36  3:33  Evolution Chamber  
  36  3:34  Drone  
  36  3:35  Drone x3  
  36  3:38  Zergling x4  
  42  3:44  Zergling x2  
  42  3:48  Drone  
  44  3:53  Lair  
  44  3:54  Overlord  
  44  4:03  Zerg Missile Weapons Level 1  
  44  4:05  Extractor  
  44  4:06  Queen  
  44  4:07  Extractor  
  44  4:13  Drone x5  
  49  4:19  Roach Warren  
  49  4:20  Drone  
  49  4:23  Drone x2  
  51  4:27  Drone  
  51  4:30  Drone x2  
  54  4:33  Drone x2  
  54  4:36  Drone  
  54  4:38  Drone  
  58  4:44  Overlord  
  58  4:52  Overlord  
  58  5:03  Roach x4  
  58  5:04  Overlord  
  58  5:05  Glial Reconstitution  
  66  5:10  Overlord  
  66  5:15  Roach x4  
  71  5:24  Roach x5  
  81  5:29  Overlord  
  81  5:33  Overseer  
  79  5:37  Roach x2  
  83  5:46  Roach x3  
  83  5:47  Overlord  
  89  5:51  Overlord  
  89  5:56  Queen x2  
  93  5:58  Spore Crawler  
  93  5:59  Spore Crawler  
  93  6:00  Spore Crawler  
  90  6:04  Spore Crawler  
  90  6:05  Roach  
  90  6:09  Roach x2  
  95  6:14  Roach x2  
  95  6:17  Overlord  
  99  6:20  Burrow  
  99  6:25  Tunneling Claws  
  99  6:32  Overlord x2  
  97  6:33  Overlord  
  97  6:35  Overlord  
  95  6:44  Drone x5  
  92  6:49  Drone x2  
  92  6:50  Drone x2  
  92  6:56  Roach x2  
  88  7:02  Roach x3  
  88  7:06  Queen  
  86  7:14  Drone x3  
  77  7:15  Spore Crawler  
  77  7:16  Spore Crawler  
  77  7:20  Infestation Pit, Roach  
  76  7:23  Drone  
  76  7:24  Drone  
  78  7:30  Zerg Ground Armor Level 1  
  78  7:31  Drone x4  
  78  7:33  Extractor, Drone  
  78  7:34  Drone  
  83  7:38  Roach x2  
  83  7:42  Roach  
  83  7:43  Spore Crawler  
  88  7:45  Spore Crawler  
  88  7:49  Roach x2  
  91  7:53  Roach x3  
  91  7:56  Overlord  
  97  7:59  Roach x2  
  97  8:05  Extractor  
  98  8:06  Drone x2, Roach x4  
  98  8:07  Extractor  
  98  8:08  Spore Crawler  
  98  8:09  Drone x3  
  98  8:12  Pathogen Glands  
  101  8:26  Queen x2  
  105  8:28  Queen  
  104  8:37  Spore Crawler  
  104  8:38  Spore Crawler  
  104  8:41  Roach x6  
  114  8:43  Extractor  
  114  8:45  Spore Crawler  
  114  8:46  Drone x2  
  108  8:57  Drone x3  
  108  8:58  Drone x3  
  108  9:00  Hydralisk Den  
  108  9:01  Drone x2, Queen  
  117  9:05  Roach  
  117  9:12  Spore Crawler  
  116  9:18  Spore Crawler  
  116  9:21  Infestor x4, Spore Crawler  
  122  9:30  Spore Crawler  
  121  9:31  Grooved Spines  
  121  9:36  Spore Crawler  
  121  9:37  Drone x9  
  123  9:40  Roach x5  
  119  9:47  Infestor, Roach Warren  
  116  10:00  Spore Crawler  
  116  10:01  Evolution Chamber  
  110  10:08  Zerg Missile Weapons Level 2  
  110  10:12  Drone x8  
  116  10:19  Infestor  
  116  10:28  Roach x3  
  104  10:36  Hydralisk x3  
  104  10:41  Hydralisk x2  
  114  10:43  Muscular Augments  
  114  10:45  Hydralisk  
  116  10:50  Hydralisk x2  
  116  10:55  Overlord  
  120  10:57  Hydralisk x2  
  120  11:02  Overlord  
  120  11:03  Overlord  
  124  11:06  Hydralisk  
  124  11:10  Hydralisk  
  128  11:14  Hydralisk x2  
  132  11:20  Roach x3  
  132  11:24  Roach  
  132  11:25  Roach  
  140  11:29  Roach x3  
  146  11:33  Roach x2  
  146  11:35  Infestor  
  152  11:43  Overlord x2  
  152  11:49  Hydralisk  
  154  11:54  Overlord  
  154  12:00  Hydralisk  
  154  12:01  Hydralisk x4  
  162  12:08  Hydralisk x3  
  162  12:10  Infestor  
  162  12:13  Overseer  
  170  12:16  Hydralisk  
  170  12:17  Roach  
  170  12:21  Roach  
  173  12:31  Hydralisk x3  
  178  12:38  Extractor  
  178  12:39  Evolution Chamber  
  178  12:41  Roach  
  178  12:50  Infestor  
  178  12:52  Drone x19  
  175  13:12  Evolution Chamber  
  174  13:13  Roach x2  
  174  13:15  Overlord x2  
  174  13:17  Overseer  
  178  13:35  Infestor x8  
  178  13:40  Roach x8  
  194  13:50  Spine Crawler, Overlord, Spore Crawler  
  194  13:54  Hydralisk x3  
  179  13:58  Spine Crawler  
  179  14:00  Spine Crawler  
  170  14:11  Hydralisk x3  
  176  14:17  Infestation Pit  
  176  14:20  Hydralisk Den  
  173  14:25  Hydralisk x3  
Show
View Real Time Build Order
Export as new Build Order

Weow Zerg 

Build Orders: Pool First, Muta Ling Bane 

Get SALT Encoding   

  12  0:01  Drone  
  13  0:12  Overlord  
  13  0:18  Drone  
  14  0:31  Drone x2  
  16  0:42  Spawning Pool  
  15  0:46  Drone  
  15  0:49  Drone  
  17  1:10  Hatchery  
  16  1:13  Drone  
  17  1:29  Zergling x6  
  20  1:34  Queen  
  22  1:40  Overlord  
  22  1:52  Extractor, Drone  
  22  2:02  Drone  
  23  2:11  Queen  
  23  2:13  Drone  
  26  2:22  Queen  
  26  2:23  Drone x2  
  30  2:38  Overlord  
  30  2:39  Drone  
  31  2:45  Drone x4  
  31  2:50  Drone  
  36  2:57  Drone  
  37  3:00  Drone  
  37  3:03  Lair  
  37  3:05  Extractor  
  37  3:08  Extractor  
  36  3:12  Overlord  
  36  3:14  Drone  
  36  3:18  Drone x2  
  36  3:19  Drone x2  
  41  3:22  Drone x2  
  43  3:28  Drone  
  44  3:35  Roach Warren  
  44  3:39  Evolution Chamber  
  44  3:41  Drone x2  
  43  3:45  Drone, Extractor  
  44  3:52  Drone  
  44  3:55  Drone x3  
  48  3:58  Drone  
  49  4:08  Zerg Melee Weapons Level 1  
  49  4:13  Spire  
  49  4:14  Glial Reconstitution  
  48  4:20  Drone x3  
  51  4:26  Drone  
  51  4:27  Overlord  
  51  4:30  Overlord  
  52  4:41  Overlord  
  52  5:02  Overlord  
  50  5:24  Overlord  
  50  5:26  Mutalisk x8  
  65  5:34  Mutalisk  
  67  5:38  Hatchery  
  67  5:40  Zergling x8  
  70  5:45  Zergling x12  
  76  5:50  Baneling Nest  
  75  5:59  Drone x2  
  75  6:03  Zerg Melee Weapons Level 2  
  77  6:07  Mutalisk x2  
  81  6:20  Mutalisk  
  85  6:25  Drone x5  
  88  6:35  Zergling x4  
  90  6:45  Mutalisk  
  92  6:47  Overlord  
  92  6:56  Metabolic Boost  
  88  7:05  Overlord  
  88  7:06  Mutalisk x3  
  89  7:17  Drone x3  
  89  7:20  Drone x4  
  96  7:29  Zerg Flyer Weapons Level 1  
  96  7:31  Drone  
  96  7:32  Drone x3, Queen  
  96  7:35  Extractor  
  96  7:36  Extractor  
  100  7:38  Overseer  
  100  7:39  Pneumatized Carapace  
  100  7:43  Zergling x8  
  104  7:56  Zergling x6  
  107  8:06  Overseer  
  107  8:11  Overseer  
  107  8:12  Centrifical Hooks  
  107  8:14  Drone x3  
  107  8:15  Drone x3  
  113  8:24  Overlord  
  113  8:32  Hatchery  
  108  8:37  Mutalisk  
  108  8:38  Mutalisk  
  112  8:41  Overlord x4  
  112  8:44  Mutalisk, Overlord x2  
  112  8:45  Mutalisk x3  
  120  9:01  Zergling x14  
  127  9:07  Baneling x8  
  127  9:08  Baneling x13  
  127  9:13  Zergling x10  
  127  9:14  Zergling x8  
  136  9:30  Mutalisk  
  136  9:31  Mutalisk x3  
  128  9:49  Mutalisk  
  128  9:50  Mutalisk x3  
  134  9:59  Zergling x26  
  146  10:18  Mutalisk x4  
  146  10:21  Drone x4  
  157  10:22  Drone x2  
  149  10:28  Zergling x2  
  149  10:29  Zergling x10  
  155  10:41  Mutalisk x4  
  163  10:44  Zergling x16  
  163  10:47  Spine Crawler  
  163  10:48  Extractor, Overseer  
  163  10:49  Spine Crawler  
  168  10:51  Spine Crawler x2  
  168  10:52  Spine Crawler  
  168  10:53  Extractor  
  168  10:54  Baneling x9  
  168  10:55  Baneling  
  164  11:05  Baneling x6  
  164  11:08  Zergling x18  
  155  11:29  Zerg Flyer Weapons Level 2, Infestation Pit  
  155  11:32  Drone  
  155  11:43  Zergling x36  
  173  11:55  Drone x3, Hydralisk Den  
  173  11:57  Overlord x2  
  173  12:10  Drone x4  
  173  12:12  Overlord x3  
  175  12:33  Hatchery  
  174  12:37  Zergling x18  
  174  12:38  Zergling x2  
  184  12:48  Baneling x15  
  180  13:02  Hive  
  180  13:03  Lurker Den  
  173  13:10  Zergling x2  
  173  13:11  Zergling x16  
  173  13:12  Zergling x2  
  183  13:25  Baneling x15  
  183  13:26  Baneling x4  
  179  13:42  Zergling x14  
  180  13:54  Baneling  
  180  13:55  Baneling x18  
  140  14:18  Zergling x20  
  140  14:19  Zergling x2  
Tags
 
Add a new tag
Caveats
  • Supply blocks, unpowered buildings, or Contaminate may cause inaccurate times.
  • Supply counts are checked every 10 seconds.